 Dungeon Crawl Stone Soup version 0.29-a0-872-g797fff5ad1 (webtiles) character file.

Game seed: 7689509591302518758

26 buhh the Vexing (level 2, 0/11 HPs)
             Began as a Felid Enchanter on July 19, 2022.
             Slain by a quokka (2 damage)
             ... on level 2 of the Dungeon.
             The game lasted 00:04:22 (1872 turns).

buhh the Vexing (Felid Enchanter)                   Turns: 1872, Time: 00:04:22

Health: 0/11       AC:  1    Str:  4    XL:     2   Next: 89%
Magic:  2/6        EV: 18    Int: 16    God:
Gold:   98         SH:  0    Dex: 16    Spells: 3/5 levels left
                                        Lives:  0   Deaths: 0

rFire   . . .      SeeInvis +     - Unarmed
rCold   . . .      Faith    .   (shield unavailable)
rNeg    . . .      Spirit   .   (body armour unavailable)
rPois   .          Reflect  .   (helmet unavailable)
rElec   .          Harm     .   (cloak unavailable)
rCorr   .          Rampage  .   (gloves unavailable)
Will    .....                   (boots unavailable)
Stlth   +++.......              (no amulet)
HPRegen 0.03/turn               (no ring)
MPRegen 0.10/turn               (no ring)

@: quick
A: very small, claws 1, fangs 3, see invisible, speed 1, shaggy fur 1, stealthy
paws, no weapons or thrown items, no armour, multi-lived
a: no special abilities


You were on level 2 of the Dungeon.
You visited 1 branch of the dungeon, and saw 2 of its levels.

You collected 98 gold pieces.

Inventory:

Scrolls
 a - 2 scrolls of identify {unknown}
 b - a scroll of acquirement {unknown}
 f - a scroll of vulnerability {unknown}
 h - 2 scrolls of noise {unknown}
Potions
 c - a potion of degeneration {unknown}
 d - a potion of mutation {unknown}
 e - a potion of brilliance {unknown}
 g - a potion of flight {unknown}
 i - a potion of curing {unknown}
 p - a potion of invisibility {!d}


   Skills:
 + Level 3.2 Dodging
 + Level 4.4 Stealth
 + Level 1.5 Unarmed Combat
 - Level 2.1 Spellcasting
 + Level 4.8 Hexes


You had 3 spell levels left.
You knew the following spells:

 Your Spells              Type           Power      Damage    Failure   Level
a - Ensorcelled Hibernat  Hex/Ice        18%        N/A       12%         2

Your spell library contained the following spells:

 Spells                   Type           Power      Damage    Failure   Level
 Confusing Touch          Hex            17%        N/A       9%          3
 Tukima's Dance           Hex            17%        N/A       9%          3
 Dazzling Flash           Conj/Hex       18%        N/A       22%         3
 Gell's Gravitas          Tloc           1%         N/A       52%         3
 Ignite Poison            Fire/Tmut/Pois 1%         N/A       52%         3
 Lesser Beckoning         Tloc           1%         N/A       52%         3
 Mephitic Cloud           Conj/Pois/Air  1%         N/A       52%         3
 Teleport Other           Tloc           1%         N/A       52%         3
 Freezing Cloud           Conj/Ice/Air   0%         6-21      99%         5


Dungeon Overview and Level Annotations

Branches:
Dungeon (2/15) Zot: 10312

Altars:


Innate Abilities, Weirdness & Mutations

You have sharp claws.
You have razor-sharp teeth.
You have supernaturally acute eyesight. (SInv)
You cover ground quickly. (Speed+)
You are covered in fur. (AC +1)
Your paws help you pounce on unaware monsters.
You are incapable of wielding weapons or throwing items.
You cannot wear armour.
You gain extra lives every three experience levels.


Message History

The goblin hits you with a +2 dagger of protection.
* * * LOW HITPOINT WARNING * * *
You are too injured to fight recklessly!
There is a stone staircase leading down here.
There is a stone staircase leading up here.
Your magical contamination has completely faded away.
You see here a +0 robe.
Aiming: Ensorcelled Hibernation (safe; 12% risk of failure)
Press: ? - help, Q - select action Shift-Dir - straight line, f - quokka
Aim: a quokka (chance to affect: 61%)
The quokka resists with significant effort.
Aiming: Ensorcelled Hibernation (safe; 12% risk of failure)
Press: ? - help, Q - select action Shift-Dir - straight line, f/p - quokka
Aim: a quokka (chance to affect: 61%)
The quokka resists with significant effort.
The quokka misses you. The quokka completely misses you.
You open the door. The quokka bites you.
* * * LOW HITPOINT WARNING * * *
Okay, then.
You are too injured to fight recklessly!
Aiming: Ensorcelled Hibernation (safe; 12% risk of failure)
Press: ? - help, Q - select action Shift-Dir - straight line, f/p - quokka
Aim: a quokka (chance to affect: 61%)
The quokka resists with significant effort.
The quokka closely misses you.
You don't have enough magic to cast this spell.
You don't have enough magic to cast this spell.
There is an open door here.
A kobold comes into view. It is wielding a +0 dagger.
Aiming: Ensorcelled Hibernation (safe; 12% risk of failure)
Press: ? - help, Q - select action Shift-Dir - straight line, f/p - quokka
Aim: a quokka (chance to affect: 61%)
The quokka resists with significant effort.
The kobold shouts!
The kobold throws a stone.
The stone barely misses you.
There is an open door here.
There's a creature in the doorway!
You see here a +0 flail.
The quokka bites you.
You die...

#.......# #.# #.......#
#.# #.......# #.#
#.......#############.#
#.....................#
#####K#################
#.....# #.)r..# #...@^#
#.....# #.....#
.......# ###.....#
#.....# #.....# #######


You could see a quokka and a kobold.

Vanquished Creatures
  A worm (D:2)
  A dart slug (D:1)
  3 endoplasms
  A goblin (D:1)
  2 hobgoblins (D:2)
  4 jackals (D:1)
  3 ball pythons
  A frilled lizard (D:1)
  3 kobolds
  A rat (D:2)
20 creatures vanquished.

Notes
Turn   | Place    | Note
-------+----------+-------------------------------------------
     0 | D:1      | buhh the Felid Enchanter began the quest for the Orb.
     0 | D:1      | Reached XP level 1. HP: 7/7 MP: 4/4
   550 | D:2      | Reached XP level 2. HP: 11/11 MP: 6/6
   555 | D:2      | Learned a level 2 spell: Ensorcelled Hibernation
   989 | D:1      | Found a faded altar of an unknown god.
  1872 | D:2      | Slain by a quokka

Illustrated notes

Levels and vault maps discovered:
D:1:      minmay_arrival_four_circles, layout_basic,
          hellmonk_ecumenical_altar_crossroads
D:2:      layout_basic, basic_altar, supply_closet_lemuel

Skill      XL: |  1  2 |
---------------+-------+-----
Dodging        | 3 |  3.2
Stealth        | |  4.4
Unarmed Combat | |  1.5
Spellcasting   | |  2.1
Hexes          | |  4.8

Action                   || total
-------------------------++-------
Melee: Unarmed           ||    61
       Bite              ||     5
       Punch             ||     1
 Cast: Ensorcelled Hiber ||    15
  Use: Potion            ||     1
 Stab: Sleeping          ||     8
       Distracted        ||     1
Armor: Skin              ||     1
Dodge: Dodged            ||    63

Table legend: (Time is in decaauts)
 A = Elapsed time spent in this place.
 B = Non-inter-level travel time spent in this place.
 C = Inter-level travel time spent in this place.
 D = Time resting spent in this place.
 E = Time spent auto-exploring this place.
 F = Levels seen in this place.
 G = Mean time per level.
                   A        B        C        D        E       F      G
               +--------+--------+--------+--------+--------+-----+--------+
         Total |   1687 |   1671 |     16 |    314 |    960 |   2 |  843.5 |
       Dungeon |   1687 |   1671 |     16 |    314 |    960 |   2 |  843.5 |
               +--------+--------+--------+--------+--------+-----+--------+

Top non-repeatable levels by time:
     D:1: 1180 daAuts
     D:2: 507 daAuts
